[Event "SixDays Budapest March GM-B 2023"]
[Site "Budapest"]
[Date "2023.03.24"]
[Round "1.1"]
[White "Priasmoro, Novendra"]
[Black "Vantika Agrawal"]
[Result "1/2-1/2"]
[ECO "B91"]
[WhiteElo "2521"]
[BlackElo "2367"]
[Annotator "TA"]
[PlyCount "247"]
[EventDate "2023.03.24"]
[EventType "tourn"]
[EventCountry "HUN"]
[SourceTitle "playchess.com"]
[Source "ChessBase"]
[SourceQuality "1"]
[TimeControl "5400+30"]

1. e4 c5 2. Nf3 d6 3. d4 cxd4 4. Nxd4 Nf6 5. Nc3 a6 6. g3 e5 7. Nde2 Be7 8. Bg2 b5 9. Nd5 Nbd7 10. Nec3 Nb6 11. Nxe7 Qxe7 12. Be3 Qc7 13. O-O O-O 14. a4 Nxa4 15. Nxa4 bxa4 16. Rxa4 Bd7 17. Ra3 Bc6 18. Rc3 Qd7 19. Rd3 Nxe4 20. f3 Nf6 21. Rxd6 Qb7 22. c4 Ne8 23. Rd3 Nf6 24. Rd6 Ne8 25. Rd8 Rxd8 26. Qxd8 Nf6 27. Qd6 e4 28. f4 a5 29. Bd4 Qd7 ({Black should try} 29... Rc8 $14) 30. Qc5 ({White has to play} 30. Qxd7 $1 $16 Nxd7 31. Rd1) 30... Rc8 $11 31. Bxf6 gxf6 32. Qxa5 Qd4+ 33. Kh1 Qxc4 34. Qf5 Qe6 (34... Bb7 $1 $15 35. Ra1 Kg7 36. Qg4+ Kf8) 35. Qxe6 $14 fxe6 36. Rc1 Rd8 37. Kg1 (37. Rxc6 $5 Rd1+ 38. Bf1 Rxf1+ 39. Kg2 $16) 37... Bb7 38. Rc2 Rd4 39. Kf2 Bd5 40. Bf1 f5 41. Ke3 Rb4 42. Be2 Kf7 43. Kd2 Ke7 44. Kc1 Kd6 45. Rc3 e5 46. Kc2 $1 exf4 47. gxf4 e3 48. Rxe3 Rxf4 49. Rh3 Rf2 50. Kd1 f4 51. Ke1 Rg2 52. Rh6+ Rg6 53. Rxh7 f3 54. Bf1 Rg4 55. Rh6+ Ke5 56. Rh5+ Kd6 57. Rh6+ Ke5 58. Rb6 Rh4 59. h3 Re4+ 60. Kf2 Rd4 61. Rb8 Kf4 62. Rf8+ Ke4 63. Rxf3 Rd2+ 64. Kg3 Rxb2 65. Rf8 Ke5 66. h4 Rb3+ 67. Kg4 Be6+ 68. Kg5 Rg3+ 69. Kh6 Bf5 70. h5 Rg1 71. Bc4 Rh1 72. Bf7 Bg4 73. Kg5 Bxh5 74. Bxh5 Rg1+ 75. Bg4 Rg2 76. Re8+ Kd4 77. Kf4 Rf2+ 78. Bf3 Rh2 79. Rd8+ Kc5 80. Ke5 Rh3 81. Rc8+ Kb4 82. Be4 Rh5+ 83. Kd4 Rh4 84. Rb8+ Ka4 85. Kd5 Ka3 86. Ke5 Rg4 87. Kd4 Ka4 88. Kd3 Ka5 89. Bd5 Rb4 90. Ra8+ Kb6 91. Bc4 Kc5 92. Ra5+ Kd6 93. Kd4 Rb1 94. Ra6+ Ke7 95. Bd5 Rd1+ 96. Ke5 Re1+ 97. Be4 Re2 98. Re6+ Kf8 99. Kf6 Re1 100. Re5 Re2 101. Rh5 Ke8 $1 102. Bf5 Kd8 103. Rh7 Re7 104. Rh4 Ra7 105. Rc4 Rf7+ 106. Ke5 Rc7 107. Rh4 Re7+ 108. Be6 Rc7 109. Rh8+ Ke7 110. Bd5 Rd7 111. Bc6 Rc7 112. Rh6 Kd8 113. Kd5 Rg7 114. Rh8+ Ke7 115. Rh5 Kf6 116. Kd6 Rg1 117. Rh8 Ra1 118. Rf8+ Kg5 119. Ke5 Ra5+ 120. Bd5 Rb5 121. Rf5+ Kh6 122. Kf6 Ra5 123. Re5 Rb5 124. Re8 1/2-1/2

[Event "SixDays Budapest March GM-B 2023"]
[Site "Budapest"]
[Date "2023.03.24"]
[Round "1.2"]
[White "Swayams, Mishra"]
[Black "Tran, Thanh Tu"]
[Result "1-0"]
[ECO "E10"]
[WhiteElo "2489"]
[BlackElo "2402"]
[Annotator "TA"]
[PlyCount "129"]
[EventDate "2023.03.24"]
[EventType "tourn"]
[EventCountry "HUN"]
[SourceTitle "playchess.com"]
[Source "ChessBase"]
[SourceQuality "1"]
[TimeControl "5400+30"]

1. d4 e6 2. c4 Nf6 3. Nf3 Nc6 4. a3 g6 5. Nc3 Bg7 6. e4 d6 7. Be2 O-O 8. O-O a5 {[%emt 0:02:16] E10: Blumenfeld Gambit.} 9. Be3 b6 10. h3 {[%emt 0:03:56] [#]} h6 $146 {[%emt 0:07:12] White is slightly better.} ({Predecessor:} 10... e5 11. dxe5 dxe5 12. c5 Be6 13. cxb6 cxb6 14. Bb5 Na7 15. Qxd8 Raxd8 16. Be2 Nc6 {½-½ Henrichs,W (2069)-Heimsoth,S (2215) Oberhausen op 11th 2006 (7)}) 11. Qd2 Kh7 12. Rfd1 Bb7 13. Qc2 Qe7 14. Rac1 Rfd8 15. d5 Ne5 16. Nd4 g5 17. b4 Ng6 18. Ncb5 axb4 19. axb4 Ne8 20. Bh5 {[%emt 0:16:27] White has more active pieces. The black rooks are badly placed.} Nf4 (20... Ne5 $142) 21. Bg4 (21. Bxf4 $142 gxf4 22. dxe6 fxe6 23. e5+ Kh8 24. Qg6 dxe5 25. Nxe6 (25. Qxe6 Qh4 $14) 25... Rxd1+ 26. Rxd1) 21... h5 22. Bf3 {[%emt 0:00:30] Hoping for Bxf4.} Be5 23. Bxf4 Bxf4 24. dxe6 {[%emt 0:01:07] Black is weak on the light squares} Kh8 25. exf7 (25. Bxh5 $16 Bxc1 26. Qxc1 (26. Rxc1 fxe6 27. Bg4 Ng7 $11) 26... fxe6 27. Nf3) 25... Qxf7 $14 26. Rb1 {[%emt 0:00:59][%cal Oe4e5] And now e5! would win.} Be5 27. Nf5 Nf6 {[%emt 0:00:19] ...g4 is the strong threat.} 28. g3 g4 (28... Rf8 $14) 29. hxg4 $16 hxg4 30. Bg2 Rd7 31. Nbd4 Re8 32. b5 (32. c5 $142 {aiming for c6.} dxc5 33. bxc5 Bxd4 34. Rxd4 Rxd4 35. Nxd4) 32... Qh5 33. Nh4 {[%emt 0:00:23] A dynamic duo of knights.} Rh7 34. Ndf5 (34. Ra1 $1 $16) 34... Ra8 (34... Nd7 $11 {remains equal.}) 35. Rb3 ({White should play} 35. Rb4 $16) 35... Nd7 $1 $14 36. Re3 Nc5 {[%emt 0:00:18] Prevents Rdd3} 37. Qe2 Bc8 (37... Ne6 $14) 38. Nd4 (38. Rd2 $16) 38... Be6 (38... Bd7 $11 {keeps the balance.}) 39. Nxe6 $16 Nxe6 40. Red3 {[%emt 0:00:14] Prevents Nd4.} Qg5 {[%emt 0:02:11] ...Rxh4 would be deadly.} 41. Rd5 (41. Nf5 $1 $16) 41... Rxh4 $1 $15 42. gxh4 Qxh4 43. Rxe5 $1 dxe5 44. Qb2 $1 Nd4 ({Black should try} 44... Qf6 $1 $15) 45. Rxd4 $1 $11 exd4 46. Qxd4+ {[%emt 0:00:05][%mdl 4096] Endgame KQR-KQB} Kh7 47. Qd7+ Kh8 48. Qd4+ Kh7 49. Qd7+ Kh8 50. Qd4+ Kh7 51. e5 Rd8 {[%emt 0:01:16] Wards off Qd7+} 52. Bd5 Qg5 {[%emt 0:01:11] Against Qf4} 53. Kg2 Re8 54. e6 Re7 55. Kg3 Qh5 56. Qf6 (56. Qxg4 $2 Rg7 57. Be4+ Kg8 $19) 56... Qh3+ (56... Re8 $2 57. Be4+ Kg8 58. e7 $18) 57. Kf4 {[%emt 0:00:02] Really sharp!} Qh6+ $2 {[%emt 0:01:13][%mdl 8192] [#]} (57... Qh2+ $11 {and Black is okay.} 58. Ke4 (58. Kxg4 Qg1+ 59. Kh4 Qh2+ 60. Kg4 Qg1+ 61. Kh5 Qh2+ 62. Kg4 $11) 58... Qh1+ 59. Ke5 Qh2+ 60. Kd4 (60. Ke4 Qh1+ 61. Ke5 Qh2+ 62. Kd4 Qd6 $18) 60... Qd6) 58. Ke5 $1 $18 {[%emt 0:00:45] White wants to mate with Be4+.} (58. Kxg4 {leads to mate.} Qxf6 59. f4 Rg7+ 60. Kf3 Qc3+ 61. Kf2 Qd2+ 62. Kf3 Qe1 63. Be4+ Kh6) 58... Qh2+ {[%emt 0:01:14] [#]} 59. Ke4 $2 ({Only move:} 59. Kd4 $1 $18 Qd6 60. Ke4) 59... Rg7 (59... Qh1+ $11 60. Ke5 Qh2+ 61. Kd4 (61. Ke4 Qh1+ 62. Ke5 Qh2+ $18) 61... Qd6 62. Qh4+ Kg7) 60. e7 {[%emt 0:00:45] White mates.} Qh1+ 61. Ke5 Qh5+ 62. Ke6 Qe8 63. Qh4+ Kg8 64. Ke5+ Rf7 65. Qxg4+ {[%emt 0:00:12] Excellently played by Swayams!   Weighted Error Value: White=0.19 (very precise) /Black=0.38} 1-0

[Event "SixDays Budapest March GM-B 2023"]
[Site "Budapest"]
[Date "2023.03.24"]
[Round "1.3"]
[White "Ilincic, Zlatko"]
[Black "Joshua, A P"]
[Result "1/2-1/2"]
[ECO "D04"]
[WhiteElo "2302"]
[BlackElo "2300"]
[Annotator "TA"]
[PlyCount "130"]
[EventDate "2023.03.24"]
[EventType "tourn"]
[EventCountry "HUN"]
[SourceTitle "playchess.com"]
[Source "ChessBase"]
[SourceQuality "1"]
[TimeControl "5400+30"]

1. d4 d5 2. Nf3 Nf6 3. e3 c5 4. dxc5 e6 5. c4 Bxc5 6. a3 O-O 7. Nc3 {[%emt 0:01:35] D30: Queen's Gambit Declined: Systems without Nc3.} dxc4 8. Bxc4 Qc7 9. Qe2 a6 10. O-O b5 11. Bd3 Bb7 12. e4 (12. b4 $5 Bd6 13. Bb2 $11) 12... Nbd7 13. Be3 Rad8 14. Rac1 {[%emt 0:01:42][%cal Oc3b5] [#]} Bxe3 $146 ({Predecessor:} 14... Ng4 15. Bxc5 Nxc5 16. Bc2 Qf4 17. b4 Nd7 18. h3 Nge5 19. Nxe5 Nxe5 20. Rfd1 {½-½ Fogh,J (2112)-Hansen,L (2237) Aarhus op 2020 (7)}) 15. Qxe3 Ng4 16. Qg5 Nde5 17. Nxe5 Qxe5 (17... Nxe5 {simplifies} 18. Be2 Ng6 19. Nxb5 Qb6) 18. Qxg4 Rxd3 19. Rfd1 {[%emt 0:00:30] Inhibits Rd2.} Rxd1+ 20. Rxd1 a5 21. Qg3 Qc5 22. Qd6 Qxd6 23. Rxd6 $11 {[%emt 0:00:08][%mdl 4096] Endgame KRB-KRN} b4 24. axb4 axb4 25. Na2 Bxe4 26. Nxb4 g5 27. f3 Bf5 28. Nc6 {[%emt 0:00:35] Prevents Rb8.} Kg7 29. Kf2 Ra8 30. Ke3 Ra2 31. Rd2 Ra6 {[%emt 0:00:30] Repels b4} 32. Ne5 Bb1 (32... Kf6 $11 33. Nc4 Rc6) 33. b4 $1 $16 {[%emt 0:00:25] And now b5 would win.} Kf6 34. Nd7+ (34. b5 $16 {Threatening mate with Nd7+.} Ra3+ 35. Kd4 Ra4+ 36. Nc4) 34... Ke7 $14 35. Nc5 Rb6 (35... Ra3+ $11 36. Kd4 Ba2) 36. Rb2 {[%emt 0:00:24] White is more active.} (36. Rd7+ $1 $16 Ke8 37. Rb7 Rxb7 38. Nxb7) 36... Bg6 37. Kd4 f6 38. b5 Be8 $1 39. Kc4 Kd6 40. Ne4+ Ke5 {[%emt 0:00:28][%cal Ob6b5] [#]} 41. Nc3 ({White should play} 41. Kc5 $1 $16 Rxb5+ 42. Rxb5 Bxb5 43. Kxb5) 41... h5 (41... Rb8 $14) 42. Re2+ (42. Kc5 $142 Rb8 43. Re2+ Kf5 44. Re3) 42... Kf5 ({Better is} 42... Kd6) 43. Rd2 (43. Kc5 $16 Rb8 44. Re3) 43... Rb8 $11 44. Kb4 g4 45. fxg4+ hxg4 46. g3 Bc6 47. Rd6 Bf3 48. b6 Ke5 49. Nb5 Be2 50. Rc6 {[%emt 0:00:17] Kc5 is the strong threat.} Bf3 51. Rd6 Be2 {[%emt 0:00:09] Strongly threatening ...Bxb5.} 52. Rd2 Bf3 53. Kc5 {[%emt 0:00:10] Hoping for Na7.} (53. Ka5 $5 ) 53... Ke4 $2 (53... Rc8+ $11 54. Nc7 Rh8) 54. Rd6 $2 ({Only move:} 54. Nd6+ $18 Ke3 55. Nc4+ Ke4 56. Na5) 54... e5 $1 $14 {[%emt 0:00:20] [#]} (54... Ke5 $2 55. Nd4 (55. Nc7 Rh8 $18) 55... Rc8+ 56. Nc6+ Bxc6 57. Rxc6 $18) 55. Rxf6 (55. Na7 $1 $16 {[%cal Ra7c6] aiming for Nc6.} Ke3 56. Rxf6) 55... Kd3 56. Rd6+ (56. h3 $14 Rc8+ 57. Kb4) 56... Ke3 {[%emt 0:00:20] The position is equal.} 57. Re6 (57. Na7 $5 Rh8 $8 58. Nc6 Rxh2 59. Nxe5 $11 (59. b7 Rc2+ 60. Kb5 Rb2+ 61. Ka6 Ra2+ 62. Kb6 Rb2+ 63. Ka7 Kf2 $11)) 57... e4 58. Nc3 Kf2 59. Nxe4+ Kg2 60. Nd6 Kxh2 61. Nf5 Rf8 62. Re5 Be4 {[%emt 0:00:35][%mdl 64] Deflection} 63. Nd6 Bf3 64. Nf5 Be4 {[%emt 0:00:09][%mdl 64] Deflection} 65. Nd6 Bf3 {[%emt 0:00:06] Weighted Error Value: White=0.17 (very precise) /Black=0.14 (very precise)} 1/2-1/2

[Event "SixDays Budapest March GM-B 2023"]
[Site "Budapest"]
[Date "2023.03.24"]
[Round "1.4"]
[White "Moksh Amit Doshi"]
[Black "Royal, Shreyas"]
[Result "0-1"]
[ECO "D26"]
[WhiteElo "2388"]
[BlackElo "2452"]
[Annotator "TA"]
[PlyCount "150"]
[EventDate "2023.03.24"]
[EventType "tourn"]
[EventCountry "HUN"]
[SourceTitle "playchess.com"]
[Source "ChessBase"]
[SourceQuality "1"]
[TimeControl "5400+30"]

1. d4 d5 2. c4 dxc4 3. Nf3 Nf6 4. e3 e6 5. Bxc4 c5 6. O-O Nc6 7. Nc3 a6 8. Bd3 Be7 9. a3 cxd4 10. exd4 O-O 11. Bg5 b5 {[%emt 0:06:15] E57: Nimzo-Indian: Rubinstein: Main Line: 7...Nc6 8 a3 dxc4 9 Bxc4 cxd4.} 12. Qe2 Bb7 13. Rad1 {[%emt 0:01:58] [#]} Re8 $146 {[%emt 0:00:55] The position is equal.} ({Predecessor:} 13... b4 14. Ne4 bxa3 15. bxa3 Nxe4 16. Qxe4 g6 17. Qh4 Re8 18. Be4 Na5 19. Rfe1 Rb8 {1-0 Caruana,F (2781)-Tari,A (2650) Chess.com Rapid Wk10 Swiss 2022 (1)}) 14. Rfe1 Rc8 15. Bb1 Nd5 16. Ne4 Bxg5 17. Nfxg5 h6 (17... Nf4 $2 18. Qg4 Nxg2 19. Nxh7 $18) 18. Nf3 Qc7 19. h4 Red8 20. Ng3 Nce7 (20... Nf6 {simplifies} 21. Ne4 Ne7 22. Nc5 Bxf3 23. Qxf3 Nc6) 21. Ne5 Nf4 {[%emt 0:01:22] Against Nh5} (21... Nf6 $11) 22. Qg4 $14 Ned5 (22... Nxg2 $2 23. Nh5 g6 24. Bxg6 Nxg6 25. Nxg6 $18) 23. Ne2 ({White should try} 23. Be4 $14) 23... Nxe2+ $15 24. Rxe2 Qe7 25. Red2 (25. Qe4 $2 f5 26. Qf3 Nc3 27. Qxc3 Rxc3 28. bxc3 Qxa3 $19) 25... Rc7 $36 {[%emt 0:02:46][%mdl 2048] Black has some pressure.} 26. Qg3 Nf6 27. Qf4 Rdc8 28. Nd3 Rc4 29. Ne5 Qd6 (29... Rc1 {simplifies} 30. Nd3 Rxd1+ 31. Rxd1 Be4) 30. Qe3 Rc1 31. Rd3 {[%emt 0:00:49] [#]} (31. f3 $15) 31... Qd5 {[%emt 0:01:56] Black is more active.} 32. f3 R1c7 33. R3d2 $1 Qd8 34. Nd3 Qd6 35. Nc5 (35. Qf4 {simplifies} Qxf4 36. Nxf4 Nd5 37. Nxd5 Bxd5 38. Kf2) 35... Bd5 36. b4 Qg3 37. Qf2 Qxf2+ (37... Qf4 {seems wilder.} 38. Be4 Ra7 39. Rc2 Qd6) 38. Kxf2 Ra7 39. Bd3 Rb8 40. Rb2 Rd8 41. Ke3 Ne8 42. Ra1 Nd6 43. a4 {[%emt 0:00:27] axb5 is the strong threat.} Raa8 44. a5 f5 (44... Nc8 $11) 45. Re2 (45. Re1 $5 ) 45... Kf7 46. Kf4 ({Better is} 46. g4 $16) 46... Kf6 (46... Nb7 $11 {remains equal.}) 47. h5 (47. Rae1 $16) 47... Nf7 48. Rae1 {[%emt 0:00:22][%cal Re2e6] White wants to mate with Rxe6+.} Rd6 {[%emt 0:00:04] [#]} 49. Re5 $1 Nd8 {[%emt 0:00:04] [#]} (49... g5+ 50. hxg6) 50. Bxf5 $1 {[%emt 0:01:40] Strongly threatening Be4.} g5+ 51. hxg6 {[%emt 0:01:07] Hoping for Be4.} exf5 52. Rxf5+ Kxg6 53. Ke5 $1 Bc4 (53... Rc6 $14) 54. Kxd6 $16 Kxf5 {[%emt 0:00:05] [#]} 55. Kc7 (55. Kd7 $1 $16 {And now Re8 would win.} Bf7 56. g3) 55... Ne6+ 56. Kb6 (56. Nxe6 {simplifies} Bxe6 57. Kb6 Bc4 58. Re4) 56... Rd8 57. Kxa6 {[%emt 0:01:12] Threatens to win with Nxe6.} Nxd4 58. Kb7 (58. Rd1 $11) 58... Rg8 (58... Nc2 $5 59. g4+ Kg6 $15) 59. g4+ Kg5 60. Ne4+ $2 {[%emt 0:00:35] White is now going downhill.} (60. Re5+ $11 {and White is okay.} Kh4 61. Rh5+ Kg3 62. Rxh6) 60... Kf4 $19 61. Nd6 $2 (61. Nc5 Nc2 62. Rb1) 61... Bd5+ (61... Nxf3 62. Re4+ Kg3 63. Nxc4 bxc4 64. Rxc4 Rg7+ 65. Rc7 $16) (61... Kxf3 62. a6 $15) 62. Kb6 Bxf3 63. a6 Rg6 (63... Kxg4 $2 64. Rg1+ (64. Nxb5 $2 Rb8+ 65. Kc5 Nxb5 $19) 64... Kf4 65. Rxg8 $18) 64. Kc5 $2 (64. Kc7 Nc6 65. Nxb5) 64... Nb3+ (64... Bxg4 $2 65. Re4+ Kg5 66. Rxd4 $18) (64... Kxg4 $2 65. Rg1+ (65. Nxb5 Ne6+ 66. Kb6 Nd4+ 67. Kc5 Ne6+ 68. Kc4 Ng5 $17) 65... Kh5 66. Rxg6 Kxg6 67. Kxd4 $18) 65. Kxb5 Rxd6 66. a7 Rd7 67. Ka6 Rd6+ 68. Kb5 Nd4+ 69. Kc5 Rd5+ 70. Kc4 Rd8 (70... Kxg4 $2 71. a8=Q $18 (71. a8=B $2 {loses.} Rg5 $19) (71. a8=B $2 {perishes.} Rg5 $19)) 71. b5 {[%emt 0:00:20] [#]} Nxb5 $1 72. Kxb5 Kxg4 (72... Bxg4 $142 73. Re7 h5 74. Rb7 Ra8 75. Rf7+ Kg3 76. Ka6 Bf3 77. Rg7+ Kf2 78. Rg6 Rc8 79. Kb5 h4 80. Rh6 Kg3 81. Rg6+ Bg4 82. Rh6 h3 83. Rh7 Bf3 84. Ka4 h2 85. Rh6 h1=Q 86. Rxh1 Bxh1 87. Ka5 Bf3 88. Kb5 Rc2 89. Ka6 Kf4 90. Kb5 Ke5 91. Kb4 Kd4 92. Kb3 Rc7 93. a8=B Bxa8 94. Kb4 Rb7+ 95. Ka3 Kc4 96. Ka2 Kc3 97. Ka1 Kc2 98. Ka2 Ra7#) 73. Kc5 h5 {[%emt 0:00:11][%cal Bh6h5,Bh5h4][%mdl 32] Black mates.} 74. Rb1 Ra8 75. Kb6 h4 {[%emt 0:00:07] Weighted Error Value: White=0.22 (precise) /Black=0.18 (very precise)} 0-1

[Event "SixDays Budapest March GM-B 2023"]
[Site "Budapest"]
[Date "2023.03.24"]
[Round "1.5"]
[White "Varga, Csaba Zoltan"]
[Black "Pribelszky, Bence"]
[Result "1/2-1/2"]
[ECO "D02"]
[WhiteElo "2278"]
[BlackElo "2380"]
[Annotator "TA"]
[PlyCount "172"]
[EventDate "2023.03.24"]
[EventType "tourn"]
[EventCountry "HUN"]
[SourceTitle "playchess.com"]
[Source "ChessBase"]
[SourceQuality "1"]
[TimeControl "5400+30"]

1. c3 Nf6 2. d4 d5 3. Bf4 e6 4. Nf3 Bd6 5. Ne5 O-O (5... Nh5 $5 6. Bc1 O-O $11) 6. e3 {[%emt 0:00:30] D02: 1 d4 d5 2 Nf3 sidelines, including 2...Nf6 3 g3 and 2...Nf6 3 Bf4.} c5 7. Nd2 Qc7 {[%emt 0:08:07] is the new trend.} 8. Bg3 b6 9. Qa4 Bb7 10. Bd3 Nc6 11. f4 {[%emt 0:01:18] [#]} Ne7 $146 ({Predecessor:} 11... a6 12. O-O b5 13. Qd1 Ne7 14. Qf3 Nf5 15. Bf2 Be7 16. Ng4 Nd6 17. Nxf6+ Bxf6 18. dxc5 {½-½ Kardon,Z (2222)-Antal,J (2097) HUN-chT2 Breyer 0506 2005 (1)}) 12. Qc2 c4 (12... b5 $5 ) 13. Be2 Nf5 14. Bf2 Be7 15. Bf3 Nd6 16. Bh4 Nf5 17. Bf2 b5 18. e4 (18. g4 $15 Nd6 19. a4) 18... Nd6 (18... dxe4 $19 19. Nxe4 Nd5) 19. exd5 $17 exd5 (19... Nxd5 $17 20. g3 Nf5) 20. O-O $15 Nfe4 21. Rae1 a5 22. Nxe4 dxe4 23. Bg4 Bd5 24. Bh3 f5 25. Be3 b4 26. Qa4 Qb7 27. Rc1 g6 (27... Rfb8 $5 ) 28. Rf2 Rfb8 29. g4 Kh8 30. Kh1 bxc3 31. Rxc3 Qb5 32. Qd1 Rf8 33. a4 Qe8 34. g5 Rb8 35. Bf1 Rb4 36. Ra3 Rb3 37. Nxc4 $2 Nxc4 $2 (37... Rd3 $19 38. Nxd6 Bxd6) 38. Rxb3 $11 Qxa4 (38... Nxe3 $1 $11 39. Rxe3 Bd6) 39. Bxc4 $16 Bxc4 {[%emt 0:00:06] [#]} 40. Rd3 Qb5 41. Rc3 Bb4 42. Rc1 Bd3 $2 (42... Bd5 $16 {was necessary.}) 43. Qb3 $18 Qd7 44. d5 Rd8 45. Bd4+ ({White should try} 45. h4) 45... Kg8 $16 46. d6+ Qf7 47. Qxf7+ (47. Qd1 $5 ) 47... Kxf7 48. Rc7+ Ke6 49. Rxh7 {[%emt 0:00:54] Rg7 is the strong threat.} Rxd6 50. Be3 Bb5 51. Rb7 $1 Rd1+ 52. Kg2 Bd3 53. Rg7 Be1 54. Rxg6+ Kd5 $2 {[%emt 0:00:32][%mdl 8192] [#]} (54... Kd7 $16 {is more resistant.}) 55. Rf6 $1 $18 Bxf2 56. Rxf5+ (56. Bxf2 $2 Bf1+ 57. Kh1 (57. Kg3 $2 Rd3+ $19) 57... Bh3+ 58. Bg1 e3 $19) (56. Kxf2 $142 {[%cal Og5g6] aiming for g6!} Rf1+ 57. Kg2) 56... Kc4 $2 (56... Kc6 57. Kxf2 (57. Bxf2 Bf1+ 58. Kg3 Rd3+ 59. Kh4 Rh3+ 60. Kg4 Rxh2 $18) 57... Rf1+ 58. Kg2 Rf3) 57. Kxf2 {[%emt 0:00:30][%cal Og5g6][%mdl 4096] Endgame KRB-KRB} Rf1+ 58. Kg2 Rf3 59. Rc5+ $2 (59. g6 $18 {and the rest is easy. Strongly threatening g7.} Bf1+ 60. Kh1 (60. Kg1 Bh3 $17)) 59... Kb4 $16 60. Bg1 (60. Bd4 $16) 60... Bf1+ $11 61. Kh1 e3 $1 62. Re5 Rf2 (62... e2 $11) 63. Re4+ (63. Rxe3 $2 Bg2#) (63. Bxf2 $2 exf2 64. f5 Bd3 $19) (63. h4 $1 $16 Rxf4 64. Kh2 (64. Bxe3 Rxh4+ 65. Kg1 Bd3 $16) 64... Rxh4+ 65. Kg3) 63... Kb5 (63... Kc5 $5 64. Re5+ $8 (64. Rxe3 $2 Bg2#) 64... Kd6 $11) 64. Re5+ (64. Rxe3 $2 Bg2#) 64... Kc6 (64... Kb4 $11 {keeps the balance.} 65. h4 (65. Rxe3 $2 Bg2#) (65. Bxf2 $2 exf2 66. f5 Bd3 $19) 65... Rxf4) 65. h4 $1 $16 (65. Rxa5 $2 Bg2#) (65. Bxf2 exf2 66. h4 Bh3) 65... Be2 $2 66. Rxe3 $18 (66. Bxf2 {leads to mate.} exf2 67. Kh2 f1=Q 68. Re6+ Kd5 69. Re5+ Kd4 70. Rxa5 Bf3 71. Ra4+ Ke3 72. Ra3+ Kf2 73. Rxf3+ Kxf3 74. h5 Qg2#) 66... Bf3+ 67. Rxf3 Rxf3 {[%emt 0:00:03] [#] KR-KB} 68. Bh2 $1 Kd5 {[%emt 0:00:48] [#]} 69. h5 $1 Ke6 70. h6 {[%emt 0:00:13] Black must now prevent h7.} Kf5 71. Kg2 Rb3 $2 (71... Rd3 72. Bg1 (72. h7 Rd8 $11) 72... Rd7) 72. Bg1 $2 (72. h7 $18 Rb8 73. g6) 72... Rxb2+ $11 {[%emt 0:00:29] The position is equal.} (72... Kg6 $2 73. Bd4 Rb7 74. Bc3 $18) 73. Kf3 {[%emt 0:00:08] Threatens to win with h7.} Rb3+ 74. Be3 {[%emt 0:00:24] And now h7 would win.} Rb7 75. Bd4 Rb3+ 76. Ke2 Rh3 (76... Kxf4 $2 77. g6 Rh3 78. g7 $18) 77. Be5 a4 78. Kd2 Kg6 79. Kc2 Kf5 80. Kb2 Kg6 81. Ka2 Kf5 82. Bd6 Kg6 83. Kb2 Kf5 84. Kc2 Kg6 85. Kd2 Kf5 86. Be5 Kg6 {[%emt 0:00:27] Black defended with fortune.   Weighted Error Value: White=0.30/Black=0.36} 1/2-1/2